 Dungeon Crawl Stone Soup version 0.27.0-1-g7a089689b8 (webtiles) character file.

Game seed: 13174931115596624278

9246 Malachi the Thaumaturge (level 11, -4/72 HPs)
             Began as a Djinni Ice Elementalist on Aug 11, 2021.
             Was a Priest of Makhleb.
             Splashed by an acid dragon's acid (10 damage)
             ... on level 9 of the Dungeon.
             The game lasted 00:44:00 (14537 turns).

Malachi the Thaumaturge (Djinni Ice Elementalist)  Turns: 14537, Time: 00:44:01

Health: -4/72      AC:  4    Str:  7    XL:     11   Next: 70%
Gold:   581        EV: 11    Int: 20    God:    Makhleb [***...] SH:  6 Dex: 14

rFire    + + .     SeeInvis .   l - +7 whip of Circular Logic {elec, Will+}
rCold    + . .     Faith    .   x - +0 kite shield
rNeg     . . .     Spirit   .   w - +1 steam dragon scales
rPois    ∞         Reflect  .   (no helmet)
rElec    .         Harm     .   (no cloak)
rCorr    .         Rampage  .   (no gloves)
Will     ++...                  (boots unavailable)
Stlth    +++.......             (no amulet)
HPRegen  0.22/turn              c - ring of ice
MPRegen  0.00/turn              j - ring of Youthful Indiscretion {+Blink rC+ Slay+4}

@: corroded, freezing walls, flying
A: sickness immunity, fire resistance 3, cold vulnerability 1, float, innate
caster, hp casting, extra vitality 1, iridescent scales 1
a: Renounce Religion, Evoke Blink, Minor Destruction, Lesser Servant of Makhleb


You were on level 9 of the Dungeon.
You worshipped Makhleb.
Makhleb was most pleased with you.
You visited 1 branch of the dungeon, and saw 10 of its levels.

You collected 581 gold pieces.

Inventory:

Hand Weapons
 d - a +2 short sword of holy wrath
 l - the +7 whip of Circular Logic (weapon) {elec, Will+}
   (You found it on level 4 of the Dungeon)

   It occasionally discharges a powerful burst of electricity upon striking a
   foe.
   Will:      It increases your willpower.
Missiles
 g - 5 throwing nets
Armour
 a - a +1 robe
 w - +1 steam dragon scales (worn)
 x - a +0 kite shield (worn)
Magical Staves
 m - a staff of conjuration
Jewellery
 c - a ring of ice (left hand)
 f - a +4 ring of protection
 j - the ring of Youthful Indiscretion (right hand) {+Blink rC+ Slay+4}
   (You found it on level 5 of the Dungeon)

   [ring of slaying]

   Slay:      It affects your accuracy & damage with ranged weapons and melee
   (+4).
   rC:        It protects you from cold.
   +Blink:    It lets you blink.
 o - a ring of positive energy
 t - a +6 ring of dexterity
Wands
 h - a wand of paralysis (21)
 i - a wand of digging (5)
 k - a wand of acid (19)
 r - a wand of flame (16)
Scrolls
 e - 2 scrolls of vulnerability
 p - a scroll of immolation
 u - 3 scrolls of teleportation
Potions
 b - 2 potions of brilliance
 n - 2 potions of might
 q - a potion of ambrosia
 s - a potion of cancellation
 v - a potion of curing


   Skills:
 + Level 3.6 Fighting
 + Level 3.2 Maces & Flails
 + Level 0.5(2.2) Staves
 + Level 6.0 Dodging
 + Level 4.2 Stealth
 + Level 0.3 Shields
 + Level 0.2 Unarmed Combat
 + Level 11.5 Spellcasting
 + Level 4.1 Evocations


You had 8 spell levels left.
You knew the following spells:

 Your Spells              Type           Power      Damage    Failure   Level
a - Freeze                Ice            100%       1d11      1%          1
b - Frozen Ramparts       Ice            100%       1d12      1%          3
c - Ozocubu's Armour      Ice            72%        N/A       1%          3
d - Hailstorm             Conj/Ice       72%        3d15      3%          4
e - Animate Skeleton      Necr           100%       N/A       1%          1
f - Corpse Rot            Necr/Air       N/A        N/A       1%          2
g - Portal Projectile     Hex/Tloc       100%       N/A       1%          3
h - Confusing Touch       Hex            55%        N/A       1%          3
i - Silence               Hex/Air        27%        N/A       10%         5
Your spell library was empty.

Dungeon Overview and Level Annotations

Branches:
Dungeon (10/15)            Temple (0/1) D:7
   Lair: D:8-11         Orc: D:9-12

Altars:
Cheibriados
Gozag
Hepliaklqana
Makhleb
Nemelex Xobeh
Okawaru
Trog
Xom
Yredelemnul
The Shining One

Shops:
D:8 :(


Innate Abilities, Weirdness & Mutations

You are immune to sickness and miasma.
You are immune to poison.
Your flesh is almost immune to the effects of heat. (rF+++)
You are vulnerable to cold. (rC-)
You float through the air rather than walking.
You learn spells naturally, not from books.
Your magical power is your life essence.
You have superior vitality. (+4 HP)
You are partially covered in iridescent scales. (AC +2)


Message History

The wall freezes the howler monkey zombie.
Casting: Hailstorm (dangerous; 3% risk of failure)
Confirm with . or Enter, or press ? or * to list all spells.
Casting: Hailstorm (dangerous; 3% risk of failure)
Press: ? - help, Dir - look around, f - activate You feel a surge of power!
A cannonade of hail descends around you!
The hail pelts the howler monkey zombie!!
The howler monkey zombie partially resists.
You destroy the howler monkey zombie!
Makhleb accepts your kill.
The wall freezes the killer bee.
The killer bee closely misses you.
The wall freezes the killer bee.
You block the killer bee's attack.
The wall freezes the orc warrior!
You block the orc warrior's attack.
Unknown command.
Casting: Hailstorm (dangerous; 3% risk of failure)
Confirm with . or Enter, or press ? or * to list all spells.
You can't see any susceptible monsters within range! (Use Z to cast anyway.) Unknown command.
The acid dragon roars!
You hear an angry buzzing noise.
The wall freezes the killer bee.
You kill the killer bee!
Makhleb accepts your kill.
The wall freezes the orc warrior!
You kill the orc warrior!
Makhleb accepts your kill.
Casting: Hailstorm (dangerous; 3% risk of failure)
Confirm with . or Enter, or press ? or * to list all spells.
Casting: Hailstorm (dangerous; 3% risk of failure)
Press: ? - help, Dir - look around, f - activate You feel a surge of power!
A cannonade of hail descends around you!
The hail pelts the acid dragon!!
The acid dragon is almost dead.
* * * LOW HITPOINT WARNING * * *
The acid dragon spits acid at you. The splash of acid hits you!
* * * LOW HITPOINT WARNING * * *
The acid corrodes you!
You are splashed with acid!
You die...

........##
.........#
.........##
###.......###
###.......##..
#........##.D#
##........#
#.###
##.......##
#)†#
##.......###.@#
##.##.....##)##
#.#####......#
#......#####.#
####.#.......#
#)#.#######
#.#.# #.#.#
#.#.#


You could see an acid dragon (catching breath).

Vanquished Creatures
  A boulder beetle (D:9)
  Erolcha (D:9)
  Harold (D:8)
  3 two-headed ogres (D:8)
  Pikel (D:9)
  Joseph (D:7)
  Psyche (D:8)
  A wyvern (D:9)
  5 steam dragons
  A swamp worm (D:7)
  An acid dragon (D:9)
  A water moccasin (D:6)
  6 orc warriors
  3 sky beasts (D:8)
  3 centaurs
  3 ogres (D:6)
  2 phantoms
  2 lemures (D:9)
  Blork the orc (D:5)
  2 bullfrogs
  2 kobold brigands (D:8)
  A scorpion (D:6)
  A water moccasin skeleton (D:5)
  2 killer bees (D:9)
  4 wights
  5 howler monkeys
  2 bullfrog zombies
  2 centaur zombies
  4 orc priests
  A centaur skeleton (D:7)
  An iguana (D:5)
  13 orc wizards
  A killer bee zombie (D:6)
  A howler monkey zombie (D:9)
  A gnoll (D:8)
  7 adders
  2 shadow imps
  2 white imps
  A worm (D:4)
  2 dart slugs
  43 orcs
  7 ball pythons
  6 bats
  6 endoplasms
  7 giant cockroaches
  12 goblins
  13 hobgoblins
  11 jackals
  3 quokkas
  5 frilled lizards
  15 kobolds
  6 rats
229 creatures vanquished.

Vanquished Creatures (others)
  4 plants (D:7)
4 creatures vanquished.

Grand Total: 233 creatures vanquished

Notes
Turn   | Place    | Note
-------+----------+-------------------------------------------
     0 | D:1      | Malachi the Djinni Ice Elementalist began the quest for the
                  | Orb.
     0 | D:1      | Reached XP level 1. HP: 15/15 MP: 0/0
   326 | D:1      | Reached XP level 2. HP: 18/21 MP: 0/0
  1170 | D:1      | Reached XP level 3. HP: 15/25 MP: 0/0
  1170 | D:1      | Learned a level 1 spell: Animate Skeleton
  2294 | D:2      | Reached skill level 4 in Spellcasting
  2359 | D:2      | Reached XP level 4. HP: 12/31 MP: 0/0
  3500 | D:2      | Found a bloodstained altar of Trog.
  3846 | D:3      | Reached XP level 5. HP: 21/35 MP: 0/0
  3846 | D:3      | Learned a level 2 spell: Corpse Rot
  4478 | D:3      | Noticed a phantom
  5055 | D:1      | Gained mutation: Your flesh is almost immune to the effects
                  | of heat. (rF+++) [potion of mutation]
  5055 | D:1      | Gained mutation: You are partially covered in iridescent
                  | scales. (AC +2) [potion of mutation]
  5069 | D:1      | Killed a phantom
  5070 | D:1      | Reached skill level 5 in Spellcasting
  5070 | D:1      | Reached XP level 6. HP: 30/40 MP: 0/0
  5285 | D:3      | Found a burning altar of Makhleb.
  5351 | D:3      | Became a worshipper of Makhleb the Destroyer
  5536 | D:4      | Found a sparkling altar of Nemelex Xobeh.
  5559 | D:4      | Found a hazy altar of Hepliaklqana.
  6018 | D:4      | Found a snail-covered altar of Cheibriados.
  6256 | D:4      | Identified the +7 whip of Circular Logic {elec, Will+}
  6282 | D:5      | Entered Level 5 of the Dungeon
  6300 | D:5      | Found a shimmering altar of Xom.
  6364 | D:5      | Reached XP level 7. HP: 40/46 MP: 0/0
  6364 | D:5      | Learned a level 3 spell: Portal Projectile
  6395 | D:5      | Reached * piety under Makhleb
  6628 | D:5      | Identified the ring of Youthful Indiscretion {+Blink rC+
                  | Slay+4}
  6718 | D:5      | Noticed Blork the orc
  6726 | D:5      | Killed Blork the orc
  6727 | D:5      | Reached skill level 6 in Spellcasting
  7201 | D:6      | Reached skill level 1 in Fighting
  7535 | D:6      | Noticed a water moccasin
  7543 | D:6      | Killed a water moccasin
  7544 | D:6      | Reached XP level 8. HP: 41/52 MP: 0/0
  8155 | D:6      | Reached skill level 7 in Spellcasting
  8490 | D:6      | Reached skill level 1 in Maces & Flails
  8811 | D:7      | Found a basalt altar of Yredelemnul.
  9183 | D:7      | Noticed Joseph
  9189 | D:7      | Killed Joseph
  9190 | D:7      | Reached XP level 9. HP: 13/59 MP: 0/0
  9190 | D:7      | Learned a level 3 spell: Confusing Touch
  9507 | D:7      | Reached skill level 8 in Spellcasting
 10352 | D:7      | Found a staircase to the Ecumenical Temple.
 10753 | D:8      | Noticed Harold
 10759 | D:8      | Killed Harold
 10760 | D:8      | Reached skill level 5 in Dodging
 10760 | D:8      | Reached skill level 9 in Spellcasting
 10760 | D:8      | Reached XP level 10. HP: 49/66 MP: 0/0
 10876 | D:8      | Noticed a two-headed ogre
 10876 | D:8      | Noticed a two-headed ogre
 10893 | D:8      | Killed a two-headed ogre
 10894 | D:8      | Killed a two-headed ogre
 10902 | D:8      | Reached ** piety under Makhleb
 11671 | D:8      | Found an iron altar of Okawaru.
 11733 | D:8      | Found Cisaegho's Antique Weapon Boutique.
 11736 | D:8      | Noticed Psyche
 11739 | D:8      | Noticed a two-headed ogre
 11745 | D:8      | Reached skill level 10 in Spellcasting
 11746 | D:8      | Killed Psyche
 11757 | D:8      | Killed a two-headed ogre
 11758 | D:8      | Reached XP level 11. HP: 10/71 MP: 0/0
 11758 | D:8      | Learned a level 5 spell: Silence
 12372 | D:8      | Found Biapsaas's Book Shoppe.
 12525 | D:8      | Found a glowing golden altar of the Shining One.
 12525 | D:8      | Found an opulent altar of Gozag.
 12546 | D:9      | Noticed Erolcha
 12591 | D:9      | Identified the +3 flail "Waha" {spect, rN+ Str+4}
 12639 | D:9      | Killed Erolcha
 12640 | D:9      | Reached skill level 11 in Spellcasting
 13654 | D:9      | Noticed a boulder beetle
 13668 | D:10     | Entered Level 10 of the Dungeon
 13907 | D:9      | Killed a boulder beetle
 14099 | D:9      | Reached *** piety under Makhleb
 14525 | D:9      | Noticed Pikel
 14530 | D:9      | Killed Pikel
 14537 | D:9      | Splashed by an acid dragon's acid

Illustrated notes

Levels and vault maps discovered:
D:1:      dpeg_arrival_line_fractal, layout_basic
D:2:      minmay_general_purpose_star, layout_basic, basic_altar, st_stairs_9,
          chequers_garden
D:3:      layout_rooms, lightli_temple_of_fire, minmay_statues_item
D:4:      layout_rooms, mainiacjoe_overflow_boulevard, slow_altar_2,
          lemuel_crystal_altar
D:5:      layout_rooms, xom_teletrap_fun, st_stairs_2, feat_on_display,
          uniq_blork_the_orc
D:6:      layout_basic, mrwooster_statue_mirror, nrook_campfire,
          kennysheep_generic_room_8
D:7:      layout_rooms, lemuel_tele_altar, minmay_temple_entry_from_below_b,
          grunt_decor_fettered, worms_lemuel, uniq_joseph
D:8:      layout_rooms, okawaru_altar_gauntlet_db,
          gammafunk_temple_overflow_statue, serial_shops, kennysheep_little_box,
          shop, hangedman_misty_isle, uniq_harold, uniq_psyche
D:9:      minmay_s_stair_smasher, layout_loops_ring, uniq_pikel, uniq_erolcha
D:10:     layout_roguey, uniq_erica

Skill      XL: |  1  2  3  4  5  6  7  8  9 10 11 |
---------------+----------------------------------+-----
Stealth        | 2 3 4 |  4.2
Spellcasting   | 4 5 6 7 9 10 11 | 11.5
Dodging        | 3 4 5 6 |  6.0
Fighting       | 1 2 3 |  3.6
Maces & Flails | 1 2 3 |  3.2
Evocations     | 2 4 |  4.1
Staves         | |  0.5
Shields        | |  0.3
Unarmed Combat | |  0.2

Action                   |  1- 3 |  4- 6 |  7- 9 | 10-12 || total
-------------------------+-------+-------+-------+-------++-------
Melee: Unarmed           |     5 |       |       |       ||     5
       Dagger            |       |     9 |    10 |       ||    19
       Whip              |       |     6 |    30 |    19 ||    55
       Staff             |       |       |     2 |     4 ||     6
 Cast: Freeze            |    54 |    65 |    32 |    31 ||   182
       Frozen Ramparts   |     1 |    12 |    26 |    25 ||    64
       Corpse Rot        |       |     2 |       |     1 ||     3
       Hailstorm         |       |     1 |    18 |    29 ||    48
       Ozocubu's Armour  |       |       |     4 |    14 ||    18
       Portal Projectile |       |       |     1 |       ||     1
       Silence           |       |       |       |     2 ||     2
 Abil: Evoke Blink       |       |       |    12 |     2 ||    14
  Use: Scroll            |     1 |     7 |     5 |     1 ||    14
       Potion            |       |     6 |       |     2 ||     8
 Stab: Distracted        |       |     1 |       |       ||     1
Armor: Robe              |     9 |    18 |    30 |     3 ||    60
       Steam dragon scal |       |       |       |    26 ||    26
       Skin              |       |       |       |     1 ||     1
Dodge: Dodged            |    34 |    50 |    61 |    68 ||   213
Block: Kite shield       |       |       |       |    12 ||    12
